 Dungeon Crawl Stone Soup version 0.30.0-29-ga12c61a403 (webtiles) character file.

Game seed: 15171674412368506664

366 cheesebisquit the Ruffian (level 6, -2/61 HPs)
             Began as a Troll Fighter on June 11, 2023.
             Slain by a black bear (10 damage)
             ... on level 5 of the Dungeon.
             The game lasted 00:06:53 (4281 turns).

cheesebisquit the Ruffian (Troll Fighter)           Turns: 4281, Time: 00:06:53

Health: -2/61      AC:  4    Str: 25    XL:     6   Next: 40%
Magic:  5/5        EV:  9    Int:  6    God:
Gold:   202        SH:  9    Dex: 15    Spells: 5/5 levels left

rFire   . .          .
                       - Unarmed
rCold   . . .        b - +0 kite shield
rNeg    . . .        a - +0 robe
rPois   +            (helmet restricted)
rElec   .            (no cloak)
rCorr   .            (gloves unavailable)
SInv    .            (boots unavailable)
Will    .....        (no amulet)
Stlth   +            v - ring of poison resistance
HPRegen 1.10/turn    B - +6 ring of dexterity
MPRegen 0.09/turn

%: no passive effects
@: no status effects
A: large, unfitting armour, claws 3, regeneration 1, shaggy fur 1, tough skin 1
a: no special abilities


You were on level 5 of the Dungeon.
You visited 2 branches of the dungeon, and saw 6 of its levels.

You collected 202 gold pieces.

Inventory:

Missiles
 j - a throwing net
 m - 6 large rocks (quivered)
 u - 6 poisoned darts
 x - 2 javelins
Armour
 a - a +0 robe (worn)
 b - a +0 kite shield (worn)
Jewellery
 p - a ring of ice
 v - a ring of poison resistance (left claw)
 B - a +6 ring of dexterity (right claw)
Wands
 c - a wand of roots (9)
 z - a wand of polymorph (13)
Scrolls
 e - 2 scrolls of immolation
 g - a scroll of enchant armour {unknown}
 l - 2 scrolls of vulnerability {unknown}
 n - a scroll of blinking {unknown}
 q - 3 scrolls of magic mapping
 r - a scroll of butterflies {unknown}
 s - a scroll of poison {unknown}
 y - a scroll of teleportation {unknown}
 A - a scroll of fear {unknown}
Potions
 d - 2 potions of cancellation
 f - 2 potions of lignification
 h - a potion of attraction
 i - a potion of flight {unknown}
 k - a potion of invisibility {unknown}
 o - 3 potions of curing
 t - a potion of degeneration {unknown}


   Skills:
 + Level 3.6 Fighting
 - Level 2.4 Dodging
 + Level 4.0 Shields
 * Level 5.1 Unarmed Combat


You had 5 spell levels left.
You didn't know any spells.
Your spell library contained the following spells:

 Spells                   Type           Power      Damage    Failure   Level
 Ensorcelled Hibernation  Hex/Ice        0%         N/A       83%         2
 Passwall                 Tmut/Erth      0%         N/A       83%         2
 Summon Guardian Golem    Hex/Summ       0%         N/A       97%         3
 Swiftness                Air            0%         N/A       97%         3
 Orb of Destruction       Conj           0%         9d5       100%        7
 Spellforged Servitor     Conj/Summ      0%         N/A       100%        7


Dungeon Overview and Level Annotations

Branches:
Dungeon (5/15)             Temple (1/1) D:5

Altars:
Cheibriados
Dithmenos
Elyvilon
Gozag
Hepliaklqana
Kikubaaqudgha
Makhleb
Nemelex Xobeh
Qazlal
Trog
Uskayaw
Vehumet
Xom
Yredelemnul
Zin
The Shining One

Shops:
D:3 =   D:4 [


Innate Abilities, Weirdness & Mutations

You are too large for most types of armour.
You have claws for hands.
Your natural rate of healing is unusually fast.
You are covered in fur. (AC +1)
You have tough skin. (AC +1)


Message History

You claw the hobgoblin!
You kill the hobgoblin!
No target in view!
q - 3 scrolls of magic mapping (gained 1)
You see here a +0 club.
A black bear and an ogre come into view.
The black bear growls angrily.
You claw the ogre!
The ogre is moderately wounded.
The ogre barely misses you.
You barely miss the ogre.
The ogre is moderately wounded.
You block the ogre's attack.
You scratch the ogre.
The ogre is moderately wounded.
You mangle the ogre!!
The ogre is almost dead.
The ogre hits you with a +0 giant spiked club!!
Ouch! That really hurt!
You hear a shout!
You are too injured to fight recklessly!
You are too injured to fight recklessly!
You are too injured to fight recklessly!
There are monsters nearby!
You are too injured to fight recklessly!
You mangle the black bear!!
The black bear is severely wounded.
An ufetubus comes into view.
The black bear goes berserk!
You barely miss the black bear.
The black bear is severely wounded.
The black bear bites you! The black bear claws you.
* * * LOW HITPOINT WARNING * * *
You block the black bear's attack. The black bear bites you.
* * * LOW HITPOINT WARNING * * *
You block the black bear's attack. The black bear claws you.
* * * LOW HITPOINT WARNING * * *
The black bear attacks as you move away!
The black bear bites you!
You die...

.. ## #.# .# # ##. #.#
..# .# ..# ##.# ..###.#
#...###... ..#...##. ##.
#.. .....## #.#.#....
#...#.. ....###........
......$#####..##...#.#.#.
......Oh@....)##..[......
.......#.....<....#...#..
.......#.####...#.......#
##.##.#.5# #.#.....>....
# .###.. .....#..†....#
## ..####.#...#...#.. #.#
#...........# #.#
####.#.#.#... ##.......#


You could see a black bear (berserk), an ogre and an ufetubus.

Vanquished Creatures
  Grinder (D:3)
  A hound (D:4)
  A sleepcap (D:4)
  5 adders
  2 worms
  3 dart slugs
  3 orcs (D:3)
  3 ball pythons
  8 endoplasms
  4 giant cockroaches
  3 goblins
  7 hobgoblins
  5 quokkas
  6 bats
  4 frilled lizards
  5 kobolds
  5 rats
66 creatures vanquished.

Notes
Turn   | Place    | Note
-------+----------+-------------------------------------------
     0 | D:1      | cheesebisquit the Troll Fighter began the quest for the
                  | Orb.
     0 | D:1      | Reached XP level 1. HP: 22/22 MP: 0/0
   134 | D:1      | Reached XP level 2. HP: 29/29 MP: 1/1
   698 | D:2      | Reached XP level 3. HP: 36/36 MP: 2/2
   775 | D:2      | Reached skill level 3 in Unarmed Combat
  1614 | D:3      | Reached XP level 4. HP: 29/44 MP: 3/3
  1750 | D:3      | Noticed Grinder
  1766 | D:3      | Killed Grinder
  1767 | D:3      | Reached skill level 4 in Unarmed Combat
  1767 | D:3      | Reached XP level 5. HP: 17/53 MP: 4/4
  2045 | D:3      | Found Cuamem's Jewellery Emporium.
  2082 | D:3      | Reached XP level 6. HP: 60/61 MP: 5/5
  2450 | D:3      | Found a white marble altar of Elyvilon.
  3504 | D:4      | Reached skill level 5 in Unarmed Combat
  3521 | D:4      | Found a hazy altar of Hepliaklqana.
  3719 | D:4      | Found Lunwuch's Armour Emporium.
  4160 | D:5      | Entered Level 5 of the Dungeon
  4160 | D:5      | Found a staircase to the Ecumenical Temple.
  4170 | Temple   | Entered the Ecumenical Temple
  4281 | D:5      | Slain by a black bear

Illustrated notes

Levels and vault maps discovered:
D:1:      wander_arrival_fairy_ring, layout_loops_ring
D:2:      layout_basic
D:3:      layout_basic, lemuel_round_altar, serial_shops, shop_fountains,
          minmay_surrounded, uniq_grinder, uniq_crazy_yiuf_cottage
D:4:      layout_basic, worldfamousw_hep_ancestral_shrine, serial_shops, shop,
          abandoned_shop
D:5:      layout_loops_ring, ashenzari_conservatory_becter,
          minmay_temple_entry_sparse_star, serial_shops, shop, uniq_duvessa
Temple:   nicolae_temple_great_sept

Skill      XL: |  1  2  3  4  5  6 |
---------------+-------------------+-----
Shields        | 3 4 |  4.0
Unarmed Combat | 3 4 5 |  5.1
Fighting       | 3 |  3.6
Dodging        | |  2.4

Action                     |  1- 3 |  4- 6 || total
---------------------------+-------+-------++-------
  Melee: Unarmed           |   120 |    70 ||   190
  Throw: Large rock        |       |     2 ||     2
         Throwing net      |       |     1 ||     1
    Use: Potion            |       |     1 ||     1
         Scroll            |       |     6 ||     6
   Stab: Sleeping          |       |     1 ||     1
 Armour: Robe              |    42 |    15 ||    57
  Dodge: Dodged            |    47 |    14 ||    61
  Block: Kite shield       |    33 |    25 ||    58
